 Dungeon Crawl Stone Soup version 0.26.1-11-gd32895ea62 (webtiles) character file.

Game seed: 10182457247619796426

596 Mattiprrivan the Covert (level 7, -3/56 HPs)
             Began as a Gnoll Brigand on Apr 26, 2021.
             Slain by H0rd4k's ghost (4 damage)
             ... on level 4 of the Dungeon on Apr 27, 2021.
             The game lasted 00:33:03 (3648 turns).

Mattiprrivan the Covert (Gnoll Brigand)             Turns: 3648, Time: 00:33:04

Health: -3/56      AC:  5    Str: 16    XL:     7   Next: 40%
Magic:  10/10      EV: 14    Int: 13    God:
Gold:   49         SH:  0    Dex: 16    Spells: 10/10 levels left

rFire    . . .     SeeInvis .   a - +3 dagger
rCold    . . .     Faith    .   (no shield)
rNeg     . . .     Spirit   .   b - +0 robe
rPois    +         Reflect  .   (no helmet)
rElec    .         Harm     .   c - +1 cloak
rCorr    .         Rampage  .   i - +0 pair of gloves
Will     .....                  (no boots)
Stlth    ++........             (no amulet)
HPRegen  0.18/turn              h - ring of poison resistance
MPRegen  0.12/turn              (no ring)

@: confused, lethally poisoned (-3 -> -10)
A: distributed training, fangs 1, strong nose
a: no special abilities


You were on level 4 of the Dungeon.
You visited 1 branch of the dungeon, and saw 4 of its levels.

You collected 172 gold pieces.
You spent 123 gold pieces at shops.

Inventory:

Hand Weapons
 a - a +3 dagger (weapon)
Missiles
 g - a poisoned dart (quivered)
 j - 3 boomerangs
Armour
 b - a +0 robe (worn)
 c - a +1 cloak (worn)
 i - a +0 pair of gloves (worn)
Jewellery
 h - a ring of poison resistance (left hand)
Wands
 e - a wand of random effects (11)
 f - a wand of polymorph (10)
 k - a wand of paralysis (3)
Scrolls
 d - 2 scrolls of identify
 m - 2 scrolls of enchant armour
 n - a scroll of remove curse
 o - a scroll of fog
 p - a scroll of teleportation
Potions
 l - 2 potions of flight


   Skills:
 + Level 5.2 Fighting
 + Level 5.2 Short Blades
 + Level 2.4 Long Blades
 + Level 2.4 Axes
 + Level 2.4 Maces & Flails
 + Level 2.4 Polearms
 + Level 2.4 Staves
 + Level 2.4 Slings
 + Level 2.4 Bows
 + Level 2.4 Crossbows
 + Level 5.2 Throwing
 + Level 2.4 Armour
 + Level 3.6 Dodging
 + Level 8.2 Stealth
 + Level 2.4 Shields
 + Level 2.4 Unarmed Combat
 + Level 2.4 Spellcasting
 + Level 2.0 Conjurations
 + Level 2.0 Hexes
 + Level 2.0 Summonings
 + Level 2.0 Necromancy
 + Level 2.0 Translocations
 + Level 2.0 Transmutations
 + Level 2.0 Fire Magic
 + Level 2.0 Ice Magic
 + Level 2.0 Air Magic
 + Level 2.0 Earth Magic
 + Level 2.0 Poison Magic
 + Level 2.7 Invocations
 + Level 2.4 Evocations


You had 10 spell levels left.
You didn't know any spells.
Your spell library was empty.

Dungeon Overview and Level Annotations

Branches:
Dungeon (4/15)
 Temple: D:4-7

Altars:
Kikubaaqudgha
Sif Muna
Uskayaw
Vehumet
Yredelemnul
Zin

Shops:
D:4 }

Annotations:
D:4 Cyrael's ghost, amateur GnFi; H0rd4k's ghost, amateur HuAr; Quickbrownfox's ghost, amateur MiFi; danmikkh's ghost, amateur SpEn; destino's ghost, novice DgTm


Innate Abilities, Weirdness & Mutations

Your experience applies equally to all skills.
You have very sharp teeth.
Your uncanny sense of smell can sniff out nearby items.


Message History

You feel sick.
You see here a wand of polymorph (10).
f - a wand of polymorph (10)
You feel sick. Destino's ghost hits you.
* * * LOW HITPOINT WARNING * * *
Something barely misses you. Quickbrownfox's ghost misses you.
You are too confused!
Okay, then.
You bump into a gravestone.
You feel sick. Destino's ghost hits you.
* * * LOW HITPOINT WARNING * * *
Something hits you.
* * * LOW HITPOINT WARNING * * *
Quickbrownfox's ghost hits you.
* * * LOW HITPOINT WARNING * * *
You're too confused to move!
* * * LOW HITPOINT WARNING * * *
You feel sick. Destino's ghost hits you.
* * * LOW HITPOINT WARNING * * *
Something hits you.
You die...

.....## #.....>.#....#......###..
......###....#..###.###......#...
.......#........##.........###...
..........<......#.............##
..............W.##............###
.........#######WW.#).......### #
#.......##.)8.!##..#........#####
......W##8.....8####........##...
...#...#$.....WW@#.........###...
..##.###(......W{#W.........##...
#.#..#.#8......W8#..........##...
#......#!........#...##.....####.
..#...#####'''####..........####.
....####........................>
......#...#................#.....
..........#...........##..###...#
...#......#..........###### ###.#


You could see Cyrael's ghost, Quickbrownfox's ghost, danmikkh's ghost and
destino's ghost.

Vanquished Creatures
  An ogre (D:4)
  A hound (D:4)
  2 orc priests (D:4)
  A jelly (D:3)
  Natasha (thrice) (D:3)
  2 iguanas (D:4)
  3 orc wizards (D:4)
  2 worker ants (D:4)
  4 gnolls (D:2)
  2 adders (D:4)
  2 worms (D:3)
  A dart slug (D:3)
  5 leopard geckos
  9 orcs
  4 giant cockroaches
  8 goblins
  3 hobgoblins (D:2)
  2 jackals (D:1)
  9 kobolds
  A quokka (D:4)
  4 ball pythons
  4 bats
  6 frilled lizards
  4 rats
83 creatures vanquished.

Notes
Turn   | Place    | Note
-------+----------+-------------------------------------------
     0 | D:1      | Mattiprrivan the Gnoll Brigand began the quest for the Orb.
     0 | D:1      | Reached XP level 1. HP: 20/20 MP: 1/1
   112 | D:1      | Reached XP level 2. HP: 24/26 MP: 2/2
   765 | D:1      | Reached XP level 3. HP: 31/31 MP: 3/3
  1063 | D:2      | Reached skill level 1 in Invocations
  1072 | D:2      | Reached skill level 1 in Long Blades
  1072 | D:2      | Reached skill level 1 in Axes
  1072 | D:2      | Reached skill level 1 in Maces & Flails
  1072 | D:2      | Reached skill level 1 in Polearms
  1072 | D:2      | Reached skill level 1 in Staves
  1072 | D:2      | Reached skill level 1 in Slings
  1072 | D:2      | Reached skill level 1 in Bows
  1072 | D:2      | Reached skill level 1 in Crossbows
  1072 | D:2      | Reached skill level 1 in Armour
  1072 | D:2      | Reached skill level 1 in Shields
  1072 | D:2      | Reached skill level 1 in Unarmed Combat
  1072 | D:2      | Reached skill level 1 in Spellcasting
  1072 | D:2      | Reached skill level 1 in Evocations
  1076 | D:2      | Reached XP level 4. HP: 29/38 MP: 3/5
  1850 | D:3      | Reached skill level 1 in Conjurations
  1850 | D:3      | Reached skill level 1 in Hexes
  1850 | D:3      | Reached skill level 1 in Summonings
  1850 | D:3      | Reached skill level 1 in Necromancy
  1850 | D:3      | Reached skill level 1 in Translocations
  1850 | D:3      | Reached skill level 1 in Transmutations
  1850 | D:3      | Reached skill level 1 in Fire Magic
  1850 | D:3      | Reached skill level 1 in Ice Magic
  1850 | D:3      | Reached skill level 1 in Air Magic
  1850 | D:3      | Reached skill level 1 in Earth Magic
  1850 | D:3      | Reached skill level 1 in Poison Magic
  2190 | D:3      | Reached XP level 5. HP: 43/43 MP: 6/6
  2309 | D:3      | Noticed Natasha
  2313 | D:3      | Killed Natasha
  2394 | D:3      | Found a glowing silver altar of Zin.
  2395 | D:3      | Found a basalt altar of Yredelemnul.
  2396 | D:3      | Found a radiant altar of Vehumet.
  2396 | D:3      | Found a shimmering blue altar of Sif Muna.
  2397 | D:3      | Found an ancient bone altar of Kikubaaqudgha.
  2398 | D:3      | Found a hide-covered altar of Uskayaw.
  2604 | D:3      | Noticed Natasha
  2609 | D:3      | Killed Natasha
  2811 | D:3      | Noticed Natasha
  2819 | D:3      | Killed Natasha
  2820 | D:3      | Reached skill level 8 in Stealth
  2870 | D:4      | Reached XP level 6. HP: 50/50 MP: 8/8
  2901 | D:4      | Found a runed translucent gate.
  2901 | D:4      | Found a runed translucent gate.
  2901 | D:4      | Found a runed translucent gate.
  2934 | D:4      | Noticed Cyrael's ghost (amateur GnFi)
  2935 | D:4      | Noticed H0rd4k's ghost (amateur HuAr)
  2935 | D:4      | Noticed destino's ghost (novice DgTm)
  2935 | D:4      | Noticed Quickbrownfox's ghost (amateur MiFi)
  2935 | D:4      | Noticed danmikkh's ghost (amateur SpEn)
  3070 | D:4      | Reached skill level 5 in Fighting
  3070 | D:4      | Reached skill level 5 in Short Blades
  3070 | D:4      | Reached skill level 5 in Throwing
  3256 | D:4      | Reached XP level 7. HP: 56/56 MP: 10/10
  3401 | D:4      | Found Vutzeis's Gadget Emporium.
  3412 | D:4      | Bought a wand of random effects (17) for 123 gold pieces
  3648 | D:4      | HP: 1/56 [destino's ghost (6)]
  3648 | D:4      | Slain by H0rd4k's ghost

Illustrated notes

Levels and vault maps discovered:
D:1:      dpeg_arrival_three_bigger_balls, layout_basic,
          grunt_decor_mini_mirrors, chequers_arboretum
D:2:      layout_rooms, patterned_corridor
D:3:      layout_basic, grunt_temple_overflow_open, serial_bayou_pond_e,
          uniq_natasha
D:4:      layout_cave_pools, gammafunk_ghost_cemetery, serial_shops,
          nicolae_shop_crystal

Skill      XL: |  1  2  3  4  5  6  7 |
---------------+----------------------+-----
Invocations    | 1 2 |  2.7
Long Blades    | 1 2 |  2.4
Axes           | 1 2 |  2.4
Maces & Flails | 1 2 |  2.4
Polearms       | 1 2 |  2.4
Staves         | 1 2 |  2.4
Slings         | 1 2 |  2.4
Bows           | 1 2 |  2.4
Crossbows      | 1 2 |  2.4
Armour         | 1 2 |  2.4
Shields        | 1 2 |  2.4
Unarmed Combat | 1 2 |  2.4
Spellcasting   | 1 2 |  2.4
Evocations     | 1 2 |  2.4
Conjurations   | 1 2 |  2.0
Hexes          | 1 2 |  2.0
Summonings     | 1 2 |  2.0
Necromancy     | 1 2 |  2.0
Translocations | 1 2 |  2.0
Transmutations | 1 2 |  2.0
Fire Magic     | 1 2 |  2.0
Ice Magic      | 1 2 |  2.0
Air Magic      | 1 2 |  2.0
Earth Magic    | 1 2 |  2.0
Poison Magic   | 1 2 |  2.0
Dodging        | 3 |  3.6
Stealth        | 8 |  8.2
Fighting       | 5 |  5.2
Short Blades   | 5 |  5.2
Throwing       | 5 |  5.2

Action                   |  1- 3 |  4- 6 |  7- 9 || total
-------------------------+-------+-------+-------++-------
Melee: Dagger            |    74 |    88 |    11 ||   173
       Punch             |     1 |       |       ||     1
       Bite              |     3 |     8 |     2 ||    13
Throw: Dart              |    18 |    31 |     1 ||    50
       Boomerang         |       |    18 |    10 ||    28
Evoke: Wand              |       |       |    10 ||    10
  Use: Potion            |     4 |     1 |     1 ||     6
       Scroll            |     3 |     9 |       ||    12
 Stab: Sleeping          |     4 |    11 |       ||    15
       Paralysed         |       |       |     1 ||     1
Armor: Robe              |    13 |    10 |     4 ||    27
Dodge: Dodged            |    37 |    35 |    13 ||    85
